 Dungeon Crawl Stone Soup version 0.28.0 (webtiles) character file.

Game seed: 4224050479789980226

46 Akaron the Firebug (level 3, -4/19 (21) HPs)
             Began as an Octopode Fire Elementalist on Feb 13, 2022.
             Slain by a kobold (8 damage)
             ... on level 2 of the Dungeon.
             The game lasted 00:02:20 (2045 turns).

Akaron the Firebug (Octopode Fire Elementalist)     Turns: 2045, Time: 00:02:20

HP:   -4/19 (21)    AC:  1    Str:  7    XL:     3   Next: 68%
MP:   4/6           EV: 13    Int: 19    God:
Gold: 70            SH:  0    Dex: 12    Spells: 3/6 levels left

rFire   . . .      SeeInvis .   (no weapon)
rCold   . . .      Faith    .   (no shield)
rNeg    . . .      Spirit   .   (helmet restricted)
rPois   .          Reflect  .   (no amulet)
rElec   .          Harm     .   (no ring)
rCorr   .          Rampage  .   (no ring)
Will    .....                   (no ring)
Stlth   +++.......              (no ring)
HPRegen 0.06/turn               (no ring)
MPRegen 0.10/turn               (no ring)
                                (no ring)
                                (no ring)

@: drained
A: almost no armour, amphibious, 8 rings, camouflage 1, gelatinous body 1,
(nimble swimmer 1), tentacles
a: no special abilities


You were on level 2 of the Dungeon.
You visited 1 branch of the dungeon, and saw 2 of its levels.

You collected 70 gold pieces.

Inventory:

Missiles
 g - 5 poisoned darts
Scrolls
 b - a scroll of identify {unknown}
 c - 2 scrolls of teleportation {unknown}
Potions
 a - a potion of ambrosia {unknown}
 d - a potion of curing {unknown}
 e - a potion of brilliance {unknown}
 f - a potion of might {unknown}


   Skills:
 + Level 0.2 Fighting
 + Level 2.3 Dodging
 + Level 3.1 Stealth
 + Level 0.5 Unarmed Combat
 + Level 2.3 Spellcasting
 + Level 1.2 Conjurations
 + Level 3.6 Fire Magic


You had 3 spell levels left.
You knew the following spells:

 Your Spells              Type           Power      Damage    Failure   Level
a - Foxfire               Conj/Fire      44%        2x1d6     6%          1
b - Scorch                Fire           32%        2d7       5%          2

Your spell library contained the following spells:

 Spells                   Type           Power      Damage    Failure   Level
 Conjure Flame            Conj/Fire      11%        6-21      19%         3
 Inner Flame              Hex/Fire       9%         N/A       24%         3
 Flame Wave               Conj/Fire      11%        2d5       52%         4


Dungeon Overview and Level Annotations

Branches:
Dungeon (2/15)

Altars:


Innate Abilities, Weirdness & Mutations

You cannot wear most types of armour.
You are amphibious.
You can wear up to eight rings at the same time.
Your skin changes colour to match your surroundings (Stealth+).
Your rubbery body absorbs attacks. (AC +1, EV +1)
((You are camouflaged when in or above water. (Stealth+)))
You have tentacles for arms and can constrict up to eight enemies at once.


Message History

The goblin is moderately wounded.
You conjure some foxfire!
The foxfire hits the goblin.
The goblin is severely wounded.
The ball python bites you but does no damage.
The ball python barely misses you.
You conjure some foxfire!
The foxfire hits the goblin.
You kill the goblin!
The foxfire hits the ball python.
You kill the ball python!
A kobold comes into view.
It is wielding a +2 short sword of draining.
You barely miss the worm. You grab the worm. You constrict the worm.
The foxfire hits the worm.
The worm is moderately wounded.
The foxfire hits the worm.
The worm is severely wounded.
You tentacle-slap the worm but do no damage.
The worm is severely wounded.
You constrict the worm. The worm bites you!
You tentacle-slap the worm.
You tentacle-slap the worm, but do no damage.
You squeeze the worm.
The worm is almost dead.
You constrict the worm.
You kill the worm!
Found a robe.
Things that are here:
a +0 club; a goblin corpse The kobold hits you with a +2 short sword of draining.
You feel drained.
You are too injured to fight recklessly!
You are too injured to fight recklessly!
You are too injured to fight recklessly!
You barely miss the kobold. Your grab misses the kobold.
The kobold hits you with a +2 short sword of draining.
* * * LOW HITPOINT WARNING * * *
You feel drained.
You tentacle-slap the kobold but do no damage.
Your grab misses the kobold.
The kobold hits you with a +2 short sword of draining!
You die...

### ##### #.. #...#
#.. #########...# #..
#.......#...########..
+.....................
#...K@).#)..########..
#.....†.##### ###
..........#
###.......# #.......#
.........# .[.....####
.......


You could see a kobold.

Vanquished Creatures
  A worm (D:2)
  5 endoplasms
  3 giant cockroaches (D:1)
  5 goblins
  4 hobgoblins (D:1)
  5 kobolds
  4 quokkas
  2 ball pythons (D:2)
  4 bats
  3 rats
36 creatures vanquished.

Vanquished Creatures (others)
  63 foxfires
63 creatures vanquished.

Grand Total: 99 creatures vanquished

Notes
Turn   | Place    | Note
-------+----------+-------------------------------------------
     0 | D:1      | Akaron the Octopode Fire Elementalist began the quest for
                  | the Orb.
     0 | D:1      | Reached XP level 1. HP: 11/11 MP: 3/3
    51 | D:1      | Reached XP level 2. HP: 3/17 MP: 3/5
    56 | D:1      | Learned a level 2 spell: Scorch
  1359 | D:1      | Reached XP level 3. HP: 21/21 MP: 1/6
  2045 | D:2      | Slain by a kobold

Illustrated notes

Levels and vault maps discovered:
D:1:      minmay_arrival_solitary_statue, layout_loops_ring,
          minmay_close_crescents
D:2:      minmay_evil_eye, layout_basic, shapermc_ecumenical_altar_venn

Skill      XL: |  1  2  3 |
---------------+----------+-----
Stealth        | 3 |  3.1
Fighting       | |  0.2
Dodging        | |  2.3
Unarmed Combat | |  0.5
Spellcasting   | |  2.3
Conjurations   | |  1.2
Fire Magic     | |  3.6

Action                   || total
-------------------------++-------
Melee: Unarmed           ||    59
       Constrict         ||    15
       Tentacles         ||    10
       Punch             ||     3
 Cast: Foxfire           ||    46
 Stab: Sleeping          ||     2
Armor: Skin              ||     6
Dodge: Dodged            ||    39
